Map: Catalyst LE

Players

Serral - Winner!

  • Race: Zerg Zerg
  • Spawn Location: 5:00

Reynor

  • Race: Zerg Zerg
  • Spawn Location: 11:00

Event: WCS Valencia 2018

VOD

Have the link to the VOD?

Description

Time

  • Played on: July 14, 2018, 5:11 a.m.
  • Length: 11:27

All games in this series

Show
View Real Time Build Order
Export as new Build Order

Serral Zerg - Winner!

Build Orders: Hatch First, Lurkers 

Get SALT Encoding   

  12  0:00  Drone  
  13  0:12  Overlord  
  13  0:16  Drone  
  14  0:31  Drone x2  
  16  0:48  Hatchery  
  15  0:51  Drone  
  15  0:55  Drone  
  17  0:58  Drone  
  18  1:08  Extractor  
  17  1:13  Spawning Pool  
  17  1:16  Drone  
  17  1:20  Drone  
  18  1:28  Drone  
  19  1:39  Drone  
  20  1:49  Overlord  
  20  2:00  Queen x2  
  24  2:01  Drone x2  
  26  2:11  Drone  
  26  2:12  Zergling x2  
  28  2:22  Drone x2  
  30  2:33  Overlord  
  30  2:36  Queen  
  34  2:38  Drone  
  34  2:43  Drone  
  36  2:52  Lair  
  36  2:55  Drone x2  
  36  2:57  Drone  
  37  3:00  Evolution Chamber  
  37  3:05  Drone x2  
  38  3:10  Overlord, Roach Warren  
  37  3:13  Overlord  
  37  3:15  Drone  
  38  3:28  Drone x4  
  38  3:30  Drone  
  43  3:40  Overlord  
  43  3:41  Drone  
  44  3:46  Evolution Chamber  
  43  3:48  Evolution Chamber  
  43  3:49  Drone x3  
  43  3:50  Drone x2  
  43  3:52  Glial Reconstitution  
  43  3:53  Extractor  
  43  3:55  Extractor  
  45  3:56  Overlord  
  45  4:00  Drone x2  
  47  4:03  Drone  
  48  4:13  Hatchery  
  47  4:17  Overseer  
  47  4:20  Roach x2  
  54  4:24  Roach x3  
  54  4:27  Roach  
  60  4:37  Evolution Chamber  
  60  4:38  Zerg Missile Weapons Level 1  
  59  4:41  Roach x3  
  59  4:42  Roach x2  
  67  4:49  Queen  
  68  4:53  Evolution Chamber  
  68  4:57  Overlord  
  67  5:02  Hatchery  
  67  5:06  Overlord x2  
  66  5:08  Overseer  
  66  5:15  Extractor, Drone  
  66  5:16  Drone x3  
  66  5:18  Drone  
  70  5:28  Spire, Drone x2  
  71  5:37  Overlord  
  71  5:43  Overlord  
  71  5:48  Roach x4  
  79  5:54  Overlord  
  79  5:59  Overlord  
  79  6:02  Roach x4  
  87  6:09  Overlord  
  87  6:15  Roach x2  
  91  6:20  Overlord  
  91  6:27  Overseer  
  91  6:30  Drone  
  91  6:31  Drone x4  
  96  6:39  Extractor  
  95  6:40  Queen  
  95  6:41  Overlord  
  95  6:42  Mutalisk x3  
  95  6:43  Mutalisk  
  95  6:46  Mutalisk  
  105  6:50  Mutalisk  
  109  6:55  Drone x3  
  109  6:59  Zerg Missile Weapons Level 2  
  112  7:01  Drone  
  113  7:08  Overlord, Hydralisk Den  
  113  7:12  Roach  
  113  7:14  Roach  
  113  7:15  Roach  
  118  7:18  Roach  
  123  7:23  Roach x3  
  123  7:24  Ravager  
  123  7:27  Roach x2  
  132  7:33  Roach x3  
  138  7:38  Overlord  
  138  7:39  Drone  
  138  7:40  Drone  
  140  7:45  Drone x2  
  142  7:51  Drone x3  
  142  7:52  Hydralisk Den, Drone  
  142  7:55  Overlord  
  142  7:56  Overlord  
  142  7:58  Drone  
  146  8:01  Drone x2  
  148  8:06  Overlord, Extractor  
  145  8:16  Queen  
  145  8:18  Drone x3  
  147  8:21  Overlord  
  147  8:23  Drone x2  
  147  8:28  Lurker Den  
  147  8:30  Roach x3  
  152  8:37  Overlord  
  152  8:42  Roach x5  
  152  8:48  Roach x3  
  166  9:00  Ravager x4  
  170  9:12  Roach  
  170  9:13  Roach x3  
  180  9:17  Roach x4  
  186  9:26  Roach  
  186  9:29  Ravager  
  186  9:30  Hatchery  
  192  9:31  Hydralisk x6  
  200  9:56  Spore Crawler, Spine Crawler, Lurker x2  
  200  9:58  Spore Crawler  
  200  9:59  Spore Crawler x2, Lurker x2  
  200  10:00  Lurker  
  200  10:01  Spore Crawler  
  200  10:02  Spore Crawler, Lurker  
  200  10:05  Overseer  
  203  10:07  Spine Crawler  
  196  10:20  Drone x2  
  198  10:23  Drone x2  
  198  10:27  Overlord  
  198  10:28  Overseer  
  198  10:32  Overlord  
  186  10:41  Roach x13  
  196  10:45  Roach x2  
  192  10:55  Roach x5  
  178  11:04  Roach x5  
  178  11:07  Drone x3  
  183  11:12  Infestation Pit  
  183  11:13  Extractor, Overseer  
  183  11:14  Extractor  
Show
View Real Time Build Order
Export as new Build Order

Reynor Zerg 

Build Orders: Hatch First, Lurkers, Roach Hydra 

Get SALT Encoding   

  12  0:00  Drone  
  13  0:12  Overlord  
  13  0:17  Drone  
  14  0:32  Drone x2  
  16  0:50  Hatchery  
  16  0:52  Drone  
  16  0:56  Drone  
  17  1:00  Drone  
  18  1:09  Drone  
  18  1:10  Extractor  
  18  1:19  Spawning Pool  
  18  1:22  Drone  
  18  1:28  Drone  
  19  1:39  Drone  
  20  1:48  Evolution Chamber  
  20  1:52  Overlord  
  19  2:06  Queen x2  
  19  2:08  Zergling x2  
  24  2:09  Drone  
  24  2:15  Zerg Melee Weapons Level 1  
  25  2:18  Drone  
  25  2:21  Drone  
  27  2:24  Drone  
  28  2:30  Drone  
  28  2:34  Drone  
  28  2:35  Drone  
  31  2:43  Overlord  
  31  2:47  Metabolic Boost  
  31  2:52  Queen  
  32  3:01  Zergling x4  
  32  3:02  Zergling x2  
  35  3:13  Zergling x8  
  35  3:17  Zergling x8  
  43  3:31  Hatchery  
  42  3:36  Overlord  
  42  3:37  Drone  
  43  3:41  Drone  
  44  3:50  Overlord  
  44  3:54  Drone x3  
  47  3:56  Drone x2  
  49  4:08  Zergling x4  
  49  4:09  Zerg Missile Weapons Level 1, Drone  
  52  4:13  Drone  
  53  4:19  Drone  
  53  4:20  Extractor, Drone, Roach Warren  
  53  4:25  Overlord  
  53  4:26  Drone  
  53  4:27  Drone  
  53  4:33  Drone x2  
  53  4:34  Drone  
  53  4:37  Drone x2  
  56  4:44  Overlord  
  54  4:51  Drone  
  54  4:54  Extractor  
  53  5:01  Roach x7  
  53  5:06  Roach  
  69  5:08  Roach  
  69  5:12  Drone x2  
  73  5:17  Roach x2  
  73  5:19  Overlord  
  73  5:20  Roach  
  78  5:24  Roach  
  78  5:26  Drone x3  
  81  5:38  Unknown, Lair  
  81  5:40  Roach  
  81  5:41  Zergling x8  
  87  5:43  Roach  
  87  5:49  Overlord  
  89  5:53  Overlord  
  89  6:03  Overlord  
  89  6:06  Overlord, Extractor  
  89  6:07  Overlord  
  89  6:08  Drone x4  
  89  6:09  Roach x2  
  96  6:13  Roach x2  
  100  6:20  Drone x3  
  100  6:22  Roach x2  
  107  6:26  Roach x2  
  107  6:32  Drone x4  
  115  6:35  Zerg Missile Weapons Level 2  
  115  6:38  Glial Reconstitution  
  115  6:40  Roach  
  115  6:46  Roach x3  
  123  6:48  Drone  
  123  6:50  Roach  
  123  6:52  Roach  
  128  6:54  Overlord  
  128  6:56  Overlord  
  128  7:02  Overlord  
  128  7:04  Overseer  
  128  7:13  Unknown  
  128  7:16  Roach x7  
  128  7:20  Queen x2  
  146  7:28  Overlord  
  146  7:31  Overlord  
  146  7:35  Hydralisk Den  
  146  7:36  Overlord  
  143  7:45  Drone x2  
  143  7:46  Extractor  
  143  7:47  Overlord  
  143  7:50  Drone x5  
  145  7:56  Queen  
  145  7:58  Roach x6  
  151  7:59  Roach  
  151  8:03  Spore Crawler  
  150  8:07  Hydralisk x3  
  150  8:10  Grooved Spines  
  150  8:11  Roach  
  158  8:17  Roach x3  
  158  8:18  Roach  
  166  8:23  Spore Crawler  
  159  8:27  Drone x5  
  159  8:29  Drone x2  
  159  8:33  Drone  
  163  8:34  Extractor  
  163  8:35  Hydralisk  
  163  8:39  Spore Crawler  
  161  8:42  Drone x3  
  161  8:47  Hydralisk  
  161  8:48  Hydralisk  
  165  8:50  Drone  
  165  8:57  Lurker Den, Overlord  
  165  9:00  Drone  
  165  9:01  Hydralisk  
  167  9:03  Unknown  
  167  9:08  Hydralisk x3  
  173  9:14  Overlord  
  173  9:18  Hydralisk x3  
  173  9:24  Hydralisk x2  
  177  9:30  Muscular Augments  
  181  9:32  Roach x3  
  186  9:48  Overlord  
  186  9:49  Overlord  
  186  9:54  Hatchery  
  186  9:57  Overlord  
  185  10:04  Overlord  
  185  10:21  Overseer  
  185  10:29  Hydralisk x5  
  185  10:34  Roach x8  
  197  10:36  Overseer  
  197  10:37  Roach x3  
  197  10:38  Roach x2  
  197  10:42  Lurker x4  
  190  10:43  Lurker  
  190  10:44  Roach x5  
  190  10:48  Roach  
  190  10:49  Roach x3  
  186  10:52  Roach x3  
  186  10:55  Roach  
  149  10:58  Roach x2  
  149  10:59  Roach x2  
  149  11:00  Unknown x4  
  149  11:02  Roach x3  
Tags
 
Add a new tag
Caveats
  • Supply blocks, unpowered buildings, or Contaminate may cause inaccurate times.
  • Supply counts are checked every 10 seconds.